 Dungeon Crawl Stone Soup version 0.18.1-48-g4cf74bf (webtiles) character file.

121 Crag the Ruffian (level 5, 0/45 HPs)
             Began as a Naga Transmuter on June 26, 2016.
             Slain by Grinder (6 damage)
             ... on level 3 of the Dungeon.
             The game lasted 00:09:24 (2315 turns).

Crag the Ruffian (Naga Transmuter)                  Turns: 2315, Time: 00:09:24

Health: 0/45       AC:  2    Str: 13    XL:     5   Next: 5%
Magic:  7/8        EV: 10    Int: 14    God:
Gold:   152        SH:  0    Dex: 11    Spells: 1 memorised, 7 levels left

rFire  . . .     SeeInvis +       - Unarmed
rCold  . . .     Gourm    .     b - +0 robe
rNeg   . . .     Faith    .     (no shield)
rPois  +         Spirit   .     (no helmet)
rElec  .         Dismiss  .     (no cloak)
rCorr  .         Reflect  .     (no gloves)
SustAt .         Harm     .     (no barding)
MR     .....                    (no amulet)
Stlth  +.........               (no ring)
                                (no ring)

@: appendage, very slow, not resistant to hostile enchantments, very unstealthy
A: horns 2, see invisible, deformed body, poison resistance, slowness 2, slow
metabolism 1, spit poison 2, AC +1
a: Spit Poison, End Transformation


You were on level 3 of the Dungeon.
You were not hungry.
You had grown temporary horns.
You visited 1 branch of the dungeon, and saw 3 of its levels.

You collected 152 gold pieces.

Inventory:

Missiles
 a - 56 arrows
Armour
 b - a +0 robe (worn)
Jewellery
 x - an uncursed amulet of rage
Scrolls
 e - 4 scrolls of remove curse {unknown}
 f - 2 scrolls of fog {unknown}
 g - a scroll of amnesia {unknown}
 j - 2 scrolls of identify {unknown}
 k - 2 scrolls of enchant armour {unknown}
 l - a scroll of teleportation {unknown}
 m - 2 scrolls of magic mapping {unknown}
 n - a scroll of blinking {unknown}
 r - a scroll of noise {unknown}
 s - a scroll of fear {unknown}
 y - a scroll of random uselessness {unknown}
Potions
 i - a potion of flight {unknown}
 o - 2 potions of degeneration {unknown}
 p - a potion of might {unknown}
 t - a potion of curing {unknown}
 z - a potion of lignification {unknown}
Books
 c - a book of Changes

   Spells                             Type                      Level
   a - Beastly Appendage              Transmutation                1
   b - Sticks to Snakes               Transmutation                2
   c - Spider Form                    Transmutation/Poison         3
   d - Ice Form                       Ice/Transmutation            4
   e - Blade Hands                    Transmutation                5
 w - a book of Ice

   Spells                             Type                      Level
   a - Ice Form                       Ice/Transmutation            4
   b - Metabolic Englaciation         Hexes/Ice                    5
   c - Ozocubu's Refrigeration        Ice                          6
   d - Bolt of Cold                   Conjuration/Ice              6
   e - Freezing Cloud                 Conjuration/Ice/Air          6
   f - Simulacrum                     Ice/Necromancy               6
Comestibles
 d - 4 bread rations
 h - a beef jerky
 q - a slice of pizza
 u - 2 meat rations
 v - a chunk of flesh


   Skills:
 - Level 2.0 Fighting
 - Level 1.5 Dodging
 + Level 5.2 Unarmed Combat
 - Level 2.0 Spellcasting
 - Level 2.0 Transmutations


You had 7 spell levels left.
You knew the following spells:

 Your Spells              Type           Power        Failure   Level  Hunger
a - Beastly Appendage     Trmt           #.....       12%         1    ##.....


Dungeon Overview and Level Annotations

Branches:
Dungeon (3/15)

Altars:
Makhleb
Zin

Annotations:
D:2 1 exclusion
D:3 Grinder


Innate Abilities, Weirdness & Mutations

You cannot wear boots.
Your serpentine skin is tough (AC +1).
You have supernaturally acute eyesight.
Armour fits poorly on your strangely shaped body.
Your system is resistant to poisons.
You cover ground very slowly.
You have a slow metabolism.
You can spit poison.
You have a pair of horns on your head.


Message History

Grinder is lightly wounded.
Grinder hits you.
You writhe in agony.
You hit Grinder but do no damage.
Grinder is lightly wounded.
Grinder gestures at you. Pain shoots through your body!
* * * LOW HITPOINT WARNING * * *
You hit Grinder but do no damage.
Grinder is lightly wounded.
Grinder hits you!
* * * LOW HITPOINT WARNING * * *
You punch Grinder!
Grinder is moderately wounded.
Grinder completely misses you.
You hit Grinder. You punch Grinder, but do no damage.
Grinder is heavily wounded.
You hit Grinder but do no damage.
Grinder is heavily wounded.
Grinder hits you.
You die...

#########)....#
...........##.#
##########.#
#.# ## #.# .#
#.# .# #.# .#
#.######5##
#......@..#
###########


You could see Grinder.

Vanquished Creatures
  Jessica (D:2)
  2 adders (D:2)
  An ooze (D:3)
  A worm (D:3)
  A dart slug (D:2)
  4 giant geckos
  2 orcs (D:3)
  A giant cockroach (D:2)
  10 goblins
  7 hobgoblins
  6 jackals
  A quokka (D:2)
  5 bats
  3 giant newts
  9 kobolds
  5 rats
59 creatures vanquished.

Notes
Turn   | Place    | Note
--------------------------------------------------------------
     0 | D:1      | Crag the Naga Transmuter began the quest for the Orb.
     0 | D:1      | Reached XP level 1. HP: 18/18 MP: 3/3
   487 | D:1      | Reached XP level 2. HP: 25/25 MP: 1/5
   728 | D:1      | Reached skill level 4 in Unarmed Combat
   883 | D:1      | Reached XP level 3. HP: 31/31 MP: 6/6
  1291 | D:2      | Noticed Jessica
  1298 | D:2      | Killed Jessica
  1298 | D:2      | Reached XP level 4. HP: 38/38 MP: 4/7
  1511 | D:2      | Reached skill level 5 in Unarmed Combat
  2046 | D:3      | Found a burning altar of Makhleb.
  2051 | D:3      | Found a glowing silver altar of Zin.
  2052 | D:3      | Noticed an Executioner
  2052 | D:3      | Noticed an angel
  2203 | D:3      | Reached XP level 5. HP: 35/45 MP: 8/8
  2306 | D:3      | Noticed Grinder
  2315 | D:3      | Slain by Grinder

Skill      XL: |  1  2  3  4 |
---------------+-------------+-----
Unarmed Combat | 4 5 |  5.2
Fighting       | 2 |  2.0
Dodging        | |  1.5
Spellcasting   | |  2.0
Transmutations | |  2.0

Action                   |  1- 3 |  4- 6 || total
-------------------------+-------+-------++-------
Melee: Unarmed           |    78 |    70 ||   148
       Headbutt          |     7 |     4 ||    11
       Punch             |       |     1 ||     1
 Cast: Beastly Appendage |    12 |    11 ||    23
 Abil: Spit Poison       |    15 |    17 ||    32
 Stab: Sleeping          |       |     1 ||     1
  Eat: Chunk             |     1 |     5 ||     6
Armor: Robe              |    12 |    11 ||    23
Dodge: Dodged            |    44 |    32 ||    76
